 Dungeon Crawl Stone Soup version 0.29.0-4-gdea44cf6ec (webtiles) character file.

Game seed: 8522347053935272473

38 qw the Chopper (level 3, -2/21 HPs)
             Began as a Tengu Warper on Aug 28, 2022.
             Killed from afar by Ijyb (6 damage)
             ... with a puff of flame
             ... on level 3 of the Dungeon.
             The game lasted 00:00:10 (1921 turns).

qw the Chopper (Tengu Warper)                       Turns: 1921, Time: 00:00:11

Health: -2/21      AC:  3    Str: 13    XL:     3   Next: 43%
Magic:  7/7        EV: 12    Int: 13    God:
Gold:   130        SH:  0    Dex: 13    Spells: 6/6 levels left

rFire   . . .      SeeInvis .   Y - +0 hand axe
rCold   . . .      Faith    .   (no shield)
rNeg    . . .      Spirit   .   b - +0 leather armour
rPois   .          Reflect  .   (helmet restricted)
rElec   .          Harm     .   (no cloak)
rCorr   .          Rampage  .   (no gloves)
Will    .....                   (boots unavailable)
Stlth   +.........              f - amulet of the acrobat
HPRegen 0.07/turn               (no ring)
MPRegen 0.10/turn               (no ring)

@: very slow
A: beak, talons 3
a: no special abilities


You were on level 3 of the Dungeon.
You visited 1 branch of the dungeon, and saw 3 of its levels.

You collected 130 gold pieces.


Innate Abilities, Weirdness & Mutations

You have a beak for a mouth.
You have claws for feet.


   Skills:
 - Level 2.0 Fighting
 + Level 4.1 Axes
 - Level 1.0 Throwing
 - Level 1.1 Armour
 - Level 2.1 Dodging
 - Level 2.0 Spellcasting
 - Level 2.4 Translocations


You had 6 spell levels left.
You didn't know any spells.
Your spell library contained the following spells:

 Spells                   Type           Power      Damage    Failure   Level
 Blink                    Tloc           14%        N/A       19%         2
 Gell's Gravitas          Tloc           7%         N/A       36%         3
 Lesser Beckoning         Tloc           7%         N/A       36%         3
 Teleport Other           Tloc           7%         N/A       36%         3
 Manifold Assault         Tloc           7%         N/A       98%         5

Inventory:

Hand Weapons
 d - a +0 whip
 Y - a +0 hand axe (weapon)
Missiles
 e - 3 javelins (quivered)
Armour
 b - a +0 leather armour (worn)
Jewellery
 f - an amulet of the acrobat (around neck)
Scrolls
 g - a scroll of identify
 k - a scroll of fear {unknown}
Potions
 a - a potion of mutation {unknown}
 c - a potion of attraction {unknown}
 h - a potion of invisibility {unknown}
 i - a potion of might {unknown}

Dungeon Overview and Level Annotations

Branches:
Dungeon (3/15)

Altars:

Annotations:
D:3 Ijyb


Message History

1886 ||| FLEEEEING.
1887 ||| FLEEEEING.
1888 ||| FLEEEEING.
1889 ||| FLEEEEING.
1890 ||| FLEEEEING.
1891 ||| FLEEEEING.
1892 ||| FLEEEEING.
1893 ||| FLEEEEING.
1899 ||| FLEEEEING.
1900 ||| FLEEEEING.
1901 ||| FLEEEEING.
1902 ||| FLEEEEING.
1903 ||| FLEEEEING.
1904 ||| FLEEEEING.
1906 ||| FLEEEEING.
1907 ||| FLEEEEING.
1908 ||| FLEEEEING.
1909 ||| FLEEEEING.
1910 ||| FLEEEEING.
1911 ||| FLEEEEING.
1912 ||| FLEEEEING.
You enter the shallow water.
Moving in this stuff is going to be slow.
1914 ||| Stepping ~*~*~tactically~*~*~ (hiding).
You enter the shallow water.
Moving in this stuff is going to be slow.
Your unstable footing causes you to fumble your attack.
Ijyb hits you with a +5 club.
You hit Ijyb but do no damage. You claw Ijyb, but do no damage.
Ijyb hits you with a +5 club.
You hit Ijyb. Your kick misses Ijyb.
Ijyb is lightly wounded.
Ijyb barely misses you.
You closely miss Ijyb.
Ijyb is lightly wounded.
Ijyb screams, "No!
No, no, no, no!"
Ijyb hits you with a +5 club.
Your unstable footing causes you to fumble your attack.
Ijyb zaps a wand.
The puff of flame hits you.
You die...

.........g......... ..
................# ....
................#####....
.........#...####.......
###########.....+.......
#.#.###....##
#.#.###.....##
####~g.....~....#
###...~@..........##
~~~~~~~~~~~~~~..~~~~
##~~~~~~~~~.~~~~~~~~
##....~..~.~..~~.##
#......)~..~....#
#...~.......~.#+#
#..........###...
#..........# ...
#.....###+## ..


You could see Ijyb.

Vanquished Creatures
  An adder (D:3)
  2 worms
  2 ball pythons
  3 endoplasms
  2 giant cockroaches
  A goblin (D:2)
  3 hobgoblins
  A kobold (D:2)
  A quokka (D:2)
  4 bats
  A frilled lizard (D:1)
21 creatures vanquished.

Notes
Turn   | Place    | Note
-------+----------+-------------------------------------------
     0 | D:1      | qw the Tengu Warper began the quest for the Orb.
     0 | D:1      | Reached XP level 1. HP: 12/12 MP: 4/4
     0 | D:1      | 0 ||| qw: Version: 0.1-a-89-g26bdef1
     0 | D:1      | 0 ||| qw: Game counter: 210
     0 | D:1      | 0 ||| qw: Always use a shield: true
     0 | D:1      | 0 ||| qw: God list: Okawaru
     0 | D:1      | 0 ||| qw: Allow faded altars: false
     0 | D:1      | 0 ||| qw: Do Orc after D:15 true
     0 | D:1      | 0 ||| qw: Do second Lair branch before Depths: true
     0 | D:1      | 0 ||| qw: Lair rune preference: random
     0 | D:1      | 0 ||| qw: Plans: Normal
     0 | D:1      | 0 ||| PLANNING D:1-11
    75 | D:1      | Found a faded altar of an unknown god.
   377 | D:1      | Reached XP level 2. HP: 17/17 MP: 6/6
   424 | D:1      | Reached skill level 3 in Axes
   563 | D:1      | 563 ||| UPGRADING to amulet of the acrobat.
   568 | D:1      | 568 ||| READING scroll labelled AREM ICEUSUQIST.
   569 | D:1      | 569 ||| READING scroll labelled FORCHI AMYAGAM.
   574 | D:1      | 574 ||| DROPPING scroll of blinking.
   793 | D:2      | 793 ||| Stepping ~*~*~tactically~*~*~ (stealth).
   797 | D:2      | 797 ||| Stepping ~*~*~tactically~*~*~ (stealth).
   800 | D:2      | 800 ||| Stepping ~*~*~tactically~*~*~ (stealth).
   801 | D:2      | 801 ||| Stepping ~*~*~tactically~*~*~ (stealth).
   806 | D:2      | 806 ||| Stepping ~*~*~tactically~*~*~ (stealth).
  1350 | D:2      | 1350 ||| READING 3 scrolls labelled UMOVOC HUFIWE.
  1351 | D:2      | 1351 ||| READING 2 scrolls of identify.
  1351 | D:2      | 1351 ||| IDENTIFYING purple potion
  1352 | D:2      | 1352 ||| DROPPING potion of ambrosia.
  1353 | D:2      | 1353 ||| DROPPING 2 scrolls of butterflies.
  1471 | D:3      | Reached XP level 3. HP: 21/21 MP: 7/7
  1512 | D:3      | 1512 ||| Stepping ~*~*~tactically~*~*~ (stealth).
  1515 | D:3      | Noticed Ijyb
  1518 | D:3      | HP: 5/21 [Ijyb/+5 club (7)]
  1519 | D:3      | 1519 ||| READING scroll of teleportation.
  1783 | D:3      | Reached skill level 4 in Axes
  1844 | D:3      | 1844 ||| Stepping ~*~*~tactically~*~*~ (stealth).
  1846 | D:3      | 1846 ||| FLEEEEING.
  1850 | D:3      | 1850 ||| FLEEEEING.
  1851 | D:3      | 1851 ||| FLEEEEING.
  1852 | D:3      | 1852 ||| FLEEEEING.
  1853 | D:3      | 1853 ||| FLEEEEING.
  1854 | D:3      | 1854 ||| FLEEEEING.
  1855 | D:3      | 1855 ||| FLEEEEING.
  1865 | D:3      | 1865 ||| FLEEEEING.
  1866 | D:3      | 1866 ||| FLEEEEING.
  1867 | D:3      | 1867 ||| FLEEEEING.
  1868 | D:3      | 1868 ||| FLEEEEING.
  1869 | D:3      | 1869 ||| FLEEEEING.
  1870 | D:3      | 1870 ||| FLEEEEING.
  1871 | D:3      | 1871 ||| FLEEEEING.
  1872 | D:3      | 1872 ||| FLEEEEING.
  1873 | D:3      | 1873 ||| FLEEEEING.
  1874 | D:3      | 1874 ||| FLEEEEING.
  1885 | D:3      | 1885 ||| FLEEEEING.
  1886 | D:3      | 1886 ||| FLEEEEING.
  1887 | D:3      | 1887 ||| FLEEEEING.
  1888 | D:3      | 1888 ||| FLEEEEING.
  1889 | D:3      | 1889 ||| FLEEEEING.
  1890 | D:3      | 1890 ||| FLEEEEING.
  1891 | D:3      | 1891 ||| FLEEEEING.
  1892 | D:3      | 1892 ||| FLEEEEING.
  1893 | D:3      | 1893 ||| FLEEEEING.
  1899 | D:3      | 1899 ||| FLEEEEING.
  1900 | D:3      | 1900 ||| FLEEEEING.
  1901 | D:3      | 1901 ||| FLEEEEING.
  1902 | D:3      | 1902 ||| FLEEEEING.
  1903 | D:3      | 1903 ||| FLEEEEING.
  1904 | D:3      | 1904 ||| FLEEEEING.
  1906 | D:3      | 1906 ||| FLEEEEING.
  1907 | D:3      | 1907 ||| FLEEEEING.
  1908 | D:3      | 1908 ||| FLEEEEING.
  1909 | D:3      | 1909 ||| FLEEEEING.
  1910 | D:3      | 1910 ||| FLEEEEING.
  1911 | D:3      | 1911 ||| FLEEEEING.
  1912 | D:3      | 1912 ||| FLEEEEING.
  1914 | D:3      | 1914 ||| Stepping ~*~*~tactically~*~*~ (hiding).
  1920 | D:3      | HP: 4/21 [Ijyb/+5 club (5)]
  1921 | D:3      | Killed from afar by Ijyb

Levels and vault maps discovered:
D:1:      dpeg_arrival_rhombi, layout_basic,
          hellmonk_ecumenical_altar_arch_garden, hex_intersection,
          serial_bayou_lake_a
D:2:      layout_basic, minmay_misc_feat_nine_boxes
D:3:      minmay_door_path, layout_basic, chequers_serial_rivers_small_3,
          minmay_unequal, uniq_ijyb

Skill      XL: |  1  2  3 |
---------------+----------+-----
Axes           | 3 4 |  4.1
Fighting       | |  2.0
Throwing       | |  1.0
Armour         | |  1.1
Dodging        | |  2.1
Spellcasting   | |  2.0
Translocations | |  2.4

Action                   || total
-------------------------++-------
Melee: Hand axe          ||    35
       Peck              ||     6
       Kick              ||     8
Throw: Boomerang         ||     7
       Javelin           ||    21
  Use: Scroll            ||     5
Armor: Leather armour    ||     6
Dodge: Dodged            ||    18

Table legend:
 A = Non-vault XP
 B = Vault XP
 C = Vault XP percentage of total XP
 D = Non-vault monster count
 E = Vault monster count
 F = Vault count percentage of total count
                 A         B        C        D         E       F
            +---------+---------+-------+---------+---------+-------
      Total |      55 |       0 |   0.0 |      21 |       0 |   0.0
            +---------+---------+-------+---------+---------+-------
        D:1 |      12 |       0 |   0.0 |       8 |       0 |   0.0
        D:2 |      19 |       0 |   0.0 |       8 |       0 |   0.0
        D:3 |      24 |       0 |   0.0 |       5 |       0 |   0.0
            +---------+---------+-------+---------+---------+-------
